 Dungeon Crawl Stone Soup version 0.28.0-53-g5a82cb258f (webtiles) character file.

Game seed: 16663546560742236034

203 NotreDorf the Ruffian (level 5, -4/53 HPs)
             Began as a Troll Fighter on May 22, 2022.
             Slain by Menkaure (8 damage)
             ... on level 4 of the Dungeon.
             The game lasted 00:08:37 (1685 turns).

NotreDorf the Ruffian (Troll Fighter)               Turns: 1685, Time: 00:08:37

Health: -4/53      AC:  4    Str: 26    XL:     5   Next: 51%
Magic:  4/4        EV: 12    Int:  4    God:
Gold:   28         SH:  7    Dex:  9    Spells: 4/4 levels left

rFire   . . .      SeeInvis .     - Unarmed
rCold   . . .      Faith    .   b - +0 kite shield
rNeg    . . .      Spirit   .   a - +0 robe
rPois   +          Reflect  .   (helmet restricted)
rElec   .          Harm     .   (no cloak)
rCorr   .          Rampage  .   (gloves unavailable)
Will    .....                   (boots unavailable)
Stlth   +.........              (no amulet)
HPRegen 0.97/turn               g - +4 ring of evasion
MPRegen 0.09/turn               j - ring of poison resistance

@: mighty
A: large, unfitting armour, claws 3, regeneration 1, shaggy fur 1, tough skin 1
a: no special abilities


You were on level 4 of the Dungeon.
You visited 1 branch of the dungeon, and saw 4 of its levels.

You collected 78 gold pieces.
You spent 50 gold pieces at shops.

Inventory:

Armour
 a - a +0 robe (worn)
 b - a +0 kite shield (worn)
 e - a +0 pair of gloves
Jewellery
 g - a +4 ring of evasion (left claw)
 j - a ring of poison resistance (right claw)
 r - a +6 ring of intelligence
Wands
 l - a wand of polymorph (11)
Scrolls
 d - 5 scrolls of identify
 i - a scroll of fear {unknown}
 k - a scroll of immolation {unknown}
 m - a scroll of brand weapon {unknown}
 n - a scroll of enchant armour {unknown}
 p - 2 scrolls of teleportation
Potions
 f - a potion of attraction {unknown}
 h - a potion of heal wounds {unknown}
 o - a potion of mutation {unknown}
 q - a potion of lignification {unknown}


   Skills:
 + Level 3.5 Fighting
 - Level 2.4 Dodging
 + Level 3.6 Shields
 + Level 3.7 Unarmed Combat


You had 4 spell levels left.
You didn't know any spells.
Your spell library contained the following spells:

 Spells                   Type           Power      Damage    Failure   Level
 Static Discharge         Conj/Air       0%         N/A       90%         2
 Lightning Bolt           Conj/Air       0%         1d11      100%        5
 Maxwell's Capacitive Co  Air            0%         ∞         100%        8


Dungeon Overview and Level Annotations

Branches:
Dungeon (4/15)
 Temple: D:4-7

Altars:
Qazlal

Shops:
D:3 ?

Annotations:
D:4 Menkaure


Innate Abilities, Weirdness & Mutations

You are too large for most types of armour.
You have claws for hands.
Your natural rate of healing is unusually fast.
You are covered in fur. (AC +1)
You have tough skin. (AC +1)


Message History

There is a stone staircase leading down, spattered with blood here.
You claw Menkaure!
Menkaure is moderately damaged.
You block Menkaure's attack.
You barely miss Menkaure.
Menkaure is moderately damaged.
Menkaure hits you!! You block Menkaure's attack.
You are too injured to fight recklessly!
You are too injured to fight recklessly!
You are too injured to fight recklessly!
You scratch Menkaure.
Menkaure is moderately damaged.
Menkaure hits you but does no damage.
You scratch Menkaure but do no damage.
Menkaure is moderately damaged.
Menkaure hits you but does no damage.
You barely miss Menkaure.
Menkaure is moderately damaged.
Menkaure closely misses you. Menkaure barely misses you.
You closely miss Menkaure.
Menkaure is moderately damaged.
Menkaure hits you.
You barely miss Menkaure.
Menkaure is moderately damaged.
Menkaure closely misses you.
You barely miss Menkaure.
Menkaure is moderately damaged.
Menkaure hits you!
* * * LOW HITPOINT WARNING * * *
You block Menkaure's attack.
You feel very mighty all of a sudden. Menkaure hits you!
* * * LOW HITPOINT WARNING * * *
You barely miss Menkaure.
Menkaure is moderately damaged.
You block Menkaure's attack.
You claw Menkaure!
Menkaure is almost destroyed.
Menkaure hits you!
You die...

.. #.. #..# ......
..##..##..##.....#
.................#
...................+
#... #......##.....#
#...##..†...##.....#
+..................#
#..................##.
#.............@.......
#..............M....?.
#..##..##..##.....##.
####..##..##..##>....#
...........+...#...).#
...........#...#.....+
...........#...#.....#
...........#...+.....#
####..##..##


You could see Menkaure (fast).

Vanquished Creatures
  An orc priest (D:3)
  7 gnolls (D:3)
  5 adders
  A worm (D:2)
  2 dart slugs (D:1)
  3 orcs (D:3)
  4 ball pythons
  5 endoplasms
  2 giant cockroaches
  2 goblins
  3 hobgoblins
  7 kobolds
  2 quokkas
  6 bats
  2 frilled lizards
  5 rats
57 creatures vanquished.

Notes
Turn   | Place    | Note
-------+----------+-------------------------------------------
     0 | D:1      | NotreDorf the Troll Fighter began the quest for the Orb.
     0 | D:1      | Reached XP level 1. HP: 22/22 MP: 0/0
    99 | D:1      | Reached XP level 2. HP: 29/29 MP: 1/1
   141 | D:1      | Found a faded altar of an unknown god.
   584 | D:2      | Reached XP level 3. HP: 35/36 MP: 2/2
   856 | D:2      | Reached XP level 4. HP: 24/45 MP: 3/3
   900 | D:2      | Found a stormy altar of Qazlal.
  1389 | D:3      | Reached XP level 5. HP: 28/53 MP: 4/4
  1504 | D:3      | Found Ibi Sol's Magic Scroll Emporium.
  1507 | D:3      | Bought a scroll of teleportation for 30 gold pieces
  1507 | D:3      | Bought a scroll of identify for 20 gold pieces
  1670 | D:4      | Noticed Menkaure
  1683 | D:4      | HP: 2/53 [Menkaure (9)]
  1685 | D:4      | Slain by Menkaure

Illustrated notes

Levels and vault maps discovered:
D:1:      roderic_octagonal_star, layout_rooms, shapermc_ecumenical_altar_ellora
D:2:      layout_loops_ring, basic_altar, st_stairs_9
D:3:      layout_rooms, serial_shops, nicolae_shop_behind_doors
D:4:      layout_gridville, temple_statues, uniq_eustachio, uniq_menkaure,
          uniq_pikel

Skill      XL: |  1  2  3 |
---------------+----------+-----
Shields        | 3 |  3.6
Fighting       | 3 |  3.5
Unarmed Combat | 3 |  3.7
Dodging        | |  2.4

Action                   |  1- 3 |  4- 6 || total
-------------------------+-------+-------++-------
Melee: Unarmed           |    67 |    92 ||   159
  Use: Potion            |       |     1 ||     1
 Stab: Sleeping          |       |     1 ||     1
Armor: Robe              |    18 |    17 ||    35
Dodge: Dodged            |    19 |    45 ||    64
Block: Kite shield       |    22 |    39 ||    61
